 Dungeon Crawl Stone Soup version 0.28.0-53-g5a82cb258f (webtiles) character file.

Game seed: 15586828646740888502

2871 Peloso the Carver (level 9, -4/79 HPs)
             Began as a Minotaur Fighter on June 5, 2022.
             Slain by a vault guard
             ... wielding a +0 broad axe
              (12 damage)
             ... in a bailey.
             The game lasted 00:11:21 (7971 turns).

Peloso the Carver (Minotaur Fighter)                Turns: 7971, Time: 00:11:22

Health: -4/79      AC: 11    Str: 22    XL:     9   Next: 47%
Magic:  8/8        EV:  8    Int:  5    God:
Gold:   551        SH: 14    Dex: 13    Spells: 8/8 levels left

rFire   . . .      SeeInvis .   a - +0 long sword (spect)
rCold   . . .      Faith    .   e - +0 tower shield
rNeg    . . .      Spirit   .   b - +0 scale mail
rPois   .          Reflect  .   (helmet restricted)
rElec   .          Harm     .   p - +0 cloak
rCorr   .          Rampage  .   (no gloves)
Will    +....                   l - +0 pair of boots
Stlth   ..........              (no amulet)
HPRegen 0.23/turn               E - ring of willpower
MPRegen 0.11/turn               (no ring)

@: mighty
A: horns 2, retaliatory headbutt
a: no special abilities


You were in a bailey.
You visited 2 branches of the dungeon, and saw 9 of its levels.
You also visited: Ossuary and Bailey.

You collected 551 gold pieces.

Inventory:

Hand Weapons
 a - a +0 spectral long sword (weapon)
Armour
 b - a +0 scale mail (worn)
 c - a +0 buckler
 e - a +0 tower shield (worn)
 l - a +0 pair of boots (worn)
 p - a +0 cloak (worn)
Jewellery
 m - a +6 ring of intelligence
 E - a ring of willpower (left hand)
Wands
 k - a wand of iceblast (19)
 q - a wand of polymorph (16)
Scrolls
 i - a scroll of fear
 j - a scroll of blinking {unknown}
 v - 2 scrolls of fog
 w - 2 scrolls of immolation {unknown}
 y - a scroll of noise {unknown}
 z - a scroll of magic mapping {unknown}
 C - 2 scrolls of enchant armour {unknown}
 F - a scroll of amnesia {unknown}
Potions
 d - a potion of might
 g - a potion of flight
 n - 3 potions of curing
 o - 2 potions of ambrosia
 r - 3 potions of attraction {unknown}
 s - 2 potions of brilliance {unknown}
 t - 2 potions of invisibility {unknown}
 u - a potion of cancellation {unknown}
 x - a potion of mutation {unknown}
 A - a potion of degeneration {unknown}
 B - a potion of magic {unknown}
 D - 2 potions of haste {unknown}


   Skills:
 + Level 7.2 Fighting
 + Level 9.3 Long Blades
 + Level 9.1 Armour
 + Level 3.7 Dodging
 + Level 1.7 Stealth
 + Level 6.8 Shields


You had 8 spell levels left.
You didn't know any spells.
Your spell library contained the following spells:

 Spells                   Type           Power      Damage    Failure   Level
 Apportation              Tloc           0%         N/A       100%        1
 Sting                    Tmut/Pois      0%         1d3       100%        1
 Poisonous Vapours        Pois/Air       0%         N/A       100%        2
 Stone Arrow              Conj/Erth      0%         3d7       100%        3
 Tukima's Dance           Hex            0%         N/A       100%        3
 Animate Armour           Summ/Erth      0%         N/A       100%        4
 Olgreb's Toxic Radiance  Pois           0%         N/A       100%        4
 Passage of Golubria      Tloc           0%         N/A       100%        4
 Alistair's Intoxication  Tmut/Pois      0%         N/A       100%        5
 Yara's Violent Unravell  Hex/Tmut       0%         3d3       100%        5
 Lehudib's Crystal Spear  Conj/Erth      0%         10d2      100%        8


Dungeon Overview and Level Annotations

Branches:
Dungeon (8/15)             Temple (1/1) D:4         Ossuary (visited)
 Bailey (1/1)
   Lair: D:8-11

Altars:
Ashenzari
Cheibriados
Fedhas
Gozag
Kikubaaqudgha
Makhleb
Nemelex Xobeh
Qazlal
Ru
Sif Muna
Trog
Uskayaw
Vehumet
Wu Jian
Yredelemnul
The Shining One
Beogh

Annotations:
D:2 1 runed translucent door, Crazy Yiuf
D:4 1 runed translucent door, KamiKatze's ghost, amateur OpCj
D:6 3 runed translucent doors, spica's ghost, novice GrEE


Innate Abilities, Weirdness & Mutations

You have a pair of horns on your head.
You reflexively headbutt those who attack you in melee.


Message History

The blink frog hits you!
The vault guard hits you with a +0 broad axe!!
The vault guard hits your +0 spectral long sword with a +0 broad axe.
Your spectral weapon shares its damage with you!
You closely miss the vault guard. You headbutt the vault guard!
The vault guard is heavily wounded.
Your +0 spectral long sword hits the vault guard!
You block the blink frog's attack. You block the vault guard's attack.
The blink frog barely misses you.
Unknown command.
You slash the vault guard!
The vault guard is severely wounded.
Your +0 spectral long sword barely misses the vault guard.
The blink frog barely misses you.
The vault guard hits you with a +0 broad axe!!
* * * LOW HITPOINT WARNING * * *
The vault guard closely misses your +0 spectral long sword.
You closely miss the vault guard.
You headbutt the vault guard, but do no damage.
The vault guard is severely wounded.
Your +0 spectral long sword hits the vault guard.
The blink frog hits you!
* * * LOW HITPOINT WARNING * * *
The blink frog blinks!
The vault guard hits your +0 spectral long sword with a +0 broad axe!!
Your spectral weapon shares its damage with you!
The vault guard hits you but does no damage.
* * * LOW HITPOINT WARNING * * *
The blink frog blinks!
You feel much better.
The blink frog blinks!
The vault guard hits you with a +0 broad axe!
* * * LOW HITPOINT WARNING * * *
Unknown command.
You closely miss the vault guard. Your headbutt misses the vault guard.
The vault guard is severely wounded.
Your +0 spectral long sword hits the vault guard!
You block the vault guard's attack.
The vault guard closely misses your +0 spectral long sword.
The vault guard hits you with a +0 broad axe!
You die...

#######....##≈
###≈≈≈≈≈###..###
##≈≈≈≈≈≈≈≈≈##)#..
##≈≈≈≈≈≈≈≈≈≈≈#....
#≈≈≈≈≈≈≈≈≈≈≈##....
#######≈.≈....≈≈≈######
##$....##.≈......≈≈≈≈#..
#??....(#..≈.........#..
#?...∩p@§.....§≈≈≈≈..†..
#!!...§.#...≈≈≈≈≈≈≈≈≈#†.
##!....##...≈≈≈####≈≈#..
#######≈..≈≈### ######
#≈≈≈.≈## ##≈≈.≈# ##≈.≈#
###.+


You could see a vault guard and a friendly +0 spectral long sword (summoned).

Vanquished Creatures
  Prince Ribbit (D:7)
  5 humans (Bailey)
  A water moccasin (D:7)
  A sky beast (D:6)
  A necrophage (D:6)
  A kobold brigand (D:7)
  An elf zombie (Ossuary)
  6 bullfrogs
  A water moccasin zombie (D:6)
  2 wyvern skeletons
  2 bullfrog zombies (D:5)
  2 bullfrog skeletons
  A centaur skeleton (D:6)
  2 hounds (D:5)
  2 jellies
  5 orc priests
  A gnoll shaman (D:4)
  5 orc wizards
  Natasha (thrice) (D:2)
  2 iguanas
  2 killer bee zombies
  3 mummies (Ossuary)
  5 gnolls (D:4)
  9 adders
  2 adder zombies (Ossuary)
  An adder skeleton (D:5)
  2 worms (D:2)
  2 dart slugs
  18 orcs
  4 ball pythons
  10 bats
  8 endoplasms
  2 giant cockroaches (D:2)
  9 goblins
  6 hobgoblins
  5 quokkas
  4 frilled lizards
  2 goblin zombies (Ossuary)
  4 hobgoblin zombies (Ossuary)
  11 kobolds
  3 kobold zombies (Ossuary)
  A quokka zombie (Ossuary)
  6 rats
  5 rat zombies (Ossuary)
169 creatures vanquished.

Notes
Turn   | Place    | Note
-------+----------+-------------------------------------------
     0 | D:1      | Peloso the Minotaur Fighter began the quest for the Orb.
     0 | D:1      | Reached XP level 1. HP: 19/19 MP: 0/0
    99 | D:1      | Reached XP level 2. HP: 19/27 MP: 1/1
   566 | D:1      | Reached XP level 3. HP: 30/33 MP: 2/2
  1159 | D:2      | Reached XP level 4. HP: 40/41 MP: 3/3
  1179 | D:2      | Noticed Natasha
  1189 | D:2      | Killed Natasha
  1194 | D:2      | Found a faded altar of an unknown god.
  1274 | D:2      | Reached skill level 5 in Armour
  1515 | D:2      | Noticed Natasha
  1520 | D:2      | Killed Natasha
  1521 | D:2      | Reached XP level 5. HP: 38/47 MP: 4/4
  1848 | D:2      | Noticed Natasha
  1853 | D:2      | Killed Natasha
  1912 | D:2      | Found a runed translucent door.
  1913 | D:2      | Noticed Crazy Yiuf
  2268 | D:3      | Found a burning altar of Makhleb.
  2694 | D:4      | Found a sand-covered staircase.
  2701 | Ossuary  | Entered an ossuary
  3169 | Ossuary  | Reached XP level 6. HP: 53/55 MP: 5/5
  3303 | D:4      | Found a sparkling altar of Nemelex Xobeh.
  3326 | D:4      | Found a blossoming altar of Fedhas.
  3733 | D:4      | Found a staircase to the Ecumenical Temple.
  3740 | Temple   | Entered the Ecumenical Temple
  3964 | D:4      | Found a runed translucent door.
  3975 | D:4      | Noticed KamiKatze's ghost (amateur OpCj)
  4041 | D:4      | Reached skill level 5 in Long Blades
  4391 | D:5      | Entered Level 5 of the Dungeon
  4585 | D:5      | Reached XP level 7. HP: 41/60 MP: 6/6
  4776 | D:5      | Found a sacrificial altar of Ru.
  4829 | D:5      | Reached skill level 5 in Fighting
  4967 | D:5      | Reached skill level 1 in Dodging
  5251 | D:5      | Found a hide-covered altar of Uskayaw.
  5477 | D:6      | Found a basalt altar of Yredelemnul.
  5528 | D:6      | Found a runed translucent gate.
  5535 | D:6      | Found a runed translucent gate.
  5535 | D:6      | Found a runed translucent gate.
  5541 | D:6      | Noticed spica's ghost (novice GrEE)
  6069 | D:6      | Reached XP level 8. HP: 46/69 MP: 7/7
  6076 | D:6      | Reached skill level 5 in Shields
  6460 | D:7      | Reached skill level 1 in Stealth
  6578 | D:7      | Noticed Prince Ribbit
  6580 | D:7      | Killed Prince Ribbit
  7320 | D:8      | Found a flagged portal.
  7348 | Bailey   | Entered a bailey
  7371 | Bailey   | Reached XP level 9. HP: 35/78 MP: 8/8
  7962 | Bailey   | Noticed a vault guard
  7969 | Bailey   | HP: 1/79 [vault guard/+0 broad axe (11)]
  7971 | Bailey   | Slain by a vault guard

Illustrated notes

Levels and vault maps discovered:
D:1:      co_arrival_random_square_maze, layout_rooms, minmay_misc_feat_alley,
          minmay_liquid_box, minmay_bisected
D:2:      layout_loops_ring, nicolae_ecumenical_pavilion,
          uniq_crazy_yiuf_cottage, uniq_natasha
D:3:      layout_basic, bloody_makhleb, minmay_misc_feat_ornament
D:4:      layout_basic, nemelex_diamond_rough_becter, amcnicky_altar_gilded,
          temple_green, gammafunk_ghost_grave, nicolae_ossuary_entry_monument
D:5:      layout_loops_corners, mainiacjoe_overflow_alcove_4,
          mainiacjoe_overflow_brackets
D:6:      layout_basic, mainiacjoe_overflow_paths, biasface_ghost_orc_armoury
D:7:      layout_rooms, uniq_prince_ribbit1
D:8:      layout_basic, enter_bailey_5, gammafunk_ghost_icy,
          kennysheep_decorative_pillar
Temple:   jpeg_temple_alley_garden
Bailey:   bailey_axe_froggy_fort_hellmonk, bailey

Skill      XL: |  1  2  3  4  5  6  7  8  9 |
---------------+----------------------------+-----
Fighting       | 4 5 6 7 |  7.2
Shields        | 4 5 6 |  6.8
Armour         | 4 5 6 7 8 9 |  9.1
Long Blades    | 3 4 5 6 8 9 |  9.3
Dodging        | 2 3 |  3.7
Stealth        | 1 |  1.7

Action                   |  1- 3 |  4- 6 |  7- 9 || total
-------------------------+-------+-------+-------++-------
Melee: Long sword        |    82 |   130 |   170 ||   382
       Headbutt          |    15 |    23 |    32 ||    70
  Use: Scroll            |       |     7 |     3 ||    10
       Potion            |       |     1 |     5 ||     6
 Stab: Distracted        |       |       |     1 ||     1
Armor: Scale mail        |    43 |    60 |    79 ||   182
Dodge: Dodged            |    62 |    66 |    56 ||   184
Block: Buckler           |    18 |    33 |    16 ||    67
       Tower shield      |       |       |    69 ||    69
